[Event "*** SCC Grand Prix: Titled Tuesday Blitz"]
[Site "Chess.com"]
[Date "2020.07.07"]
[Round "1"]
[White "Chessdude1987"]
[Black "GM_LOADING"]
[Result "0-1"]
[WhiteElo "2213"]
[BlackElo "2565"]
[TimeControl "180+1"]
[EndTime "10:06:06 PDT"]
[Termination "GM_LOADING won on time"]

1. d4 Nf6 2. c4 e6 3. Nc3 Bb4 4. e3 O-O 5. Nf3 c5 6. Bd3 b6 7.
O-O Bb7 8. a3 Bxc3 9. bxc3 d6 10. Qe2 Be4 11. Nd2 Bxd3 12. Qxd3 Nc6 13. e4 Rc8 14. f4 cxd4 15. cxd4 d5 16. cxd5 exd5 17. e5 Ne4 18. Nxe4 dxe4 19. Qxe4 Qxd4+ 20. Qxd4 Nxd4 21. Bb2 Ne2+ 22. Kh1 Rc2 23. Rab1 Rd8 24. Rf2 Rdd2 25.
Rxe2 Rxe2 26. Rd1 h5 27. Ba1 Rxg2 28. f5 Rxh2+ 29. Kg1 Rcg2+ 30. Kf1 Rh1+ 31. Kxg2 Rxd1 32. Bc3 Rd3 33. Bb4 Rd5 34. Bc3 f6 35. exf6 gxf6 36. Bxf6 Rxf5 37. Bd4 Kf7 38. Bxb6 axb6 39. a4 Ke6 40. a5 bxa5 41. Kh1 a4 42. Kg1 a3 43. Kh1 a2 0-1

[Event "*** SCC Grand Prix: Titled Tuesday Blitz"]
[Site "Chess.com"]
[Date "2020.07.07"]
[Round "1"]
[White "Zhani-Z"]
[Black "Infernal_XaM"]
[Result "0-1"]
[WhiteElo "2452"]
[BlackElo "2936"]
[TimeControl "180+1"]
[EndTime "10:06:07 PDT"]
[Termination "Infernal_XaM won by resignation"]

1. e4 e5 2. Nf3 Nc6 3. Nc3 Nf6 4.
Bb5 Bb4 5. O-O O-O 6. Bxc6 dxc6 7. d3 Nd7 8. Ne2 Re8 9. Ng3 Bf8 10. Re1 c5 11. h3 Nb8 12. c3 Nc6 13. Be3 f6 14. Qb3+ Kh8 15. Rad1 b6 16. d4 cxd4 17. cxd4 exd4 18. Nxd4 Nxd4 19. Rxd4 Qe7 20. Qd5 Be6 21. Qc6 Rad8 22. Red1 Rxd4 23. Rxd4 Qf7 24.
b3 Bd6 25. f4 Bd7 26. Qc4 Qxc4 27. Rxc4 c5 28. a4 Kg8 29. Kf2 Be6 30. Rc3 Rd8 31. Rd3 Be7 32. Rxd8+ Bxd8 33. a5 Bxb3 34. axb6 axb6 35.
Ne2 Kf7 36. Nc3 Bc4 37. Na4 Ke6 38. Ke1 Kd7 39. g3 Kc6 0-1

[Event "*** SCC Grand Prix: Titled Tuesday Blitz"]
[Site "Chess.com"]
[Date "2020.07.07"]
[Round "1"]
[White "deep306"]
[Black "ambaixador"]
[Result "1-0"]
[WhiteElo "2669"]
[BlackElo "2344"]
[TimeControl "180+1"]
[EndTime "10:06:08 PDT"]
[Termination "deep306 won by resignation"]

1. e4 c5 2. Nf3 d6 3. Bb5+ Bd7 4. Bxd7+ Qxd7 5. c4 Nc6 6. Nc3 g6 7. d4 cxd4 8. Nxd4 Bg7 9. Be3 Nf6 10. Rc1 O-O 11. f3 Rfc8 12. b3 Qe8 13. O-O Ne5 14. Qd2 Nfd7 15. h3 Nc5 16. Rcd1 Rab8 17. f4 Nc6 18. f5 Ne5 19. Nd5 Ncd7 20. Bg5 f6 21. Bf4 Nf8 22. Qf2 a6 23. a4 b5 24. axb5 axb5 25. cxb5 gxf5 26.
Nxf5 Nfg6 27. b6 Rc6 28. h4 e6 29. Nxg7 Kxg7 30. Nxf6 Kxf6 31. Bxe5+ Ke7 32. Qf6+ Kd7 33. Qg7+ Kc8 34. Rxd6 Rbxb6 35. Rxc6+ Rxc6 36. Ra1 1-0

[Event "*** SCC Grand Prix: Titled Tuesday Blitz"]
[Site "Chess.com"]
[Date "2020.07.07"]
[Round "1"]
[White "fighter2jz"]
[Black "Usurpov"]
[Result "1-0"]
[WhiteElo "2786"]
[BlackElo "2411"]
[TimeControl "180+1"]
[EndTime "10:06:09 PDT"]
[Termination "fighter2jz won by resignation"]

1. e4 c5 2. Nf3 e6 3. d4 cxd4 4.
Nxd4 Nf6 5. Nc3 Nc6 6. Nxc6 bxc6 7. e5 Nd5 8. Ne4 Qc7 9. f4 Qb6 10. c4 Bb4+ 11. Ke2 f5 12. exf6 Nxf6 13. Nd6+ Bxd6 14. Qxd6 c5 15. Qxb6 axb6 16. b3 Bb7 17. Rg1 d5 18.
Bb2 Kf7 19. g4 dxc4 20. bxc4 Rhd8 21. Ke3 Ra4 22. Bd3 Ba6 23. g5 Nh5 24. g6+ Kg8 25.
gxh7+ Kh8 26. Rg5 Nf6 27. Rag1 Rxd3+ 28. Kxd3 Bxc4+ 29. Kc2 Ra7 30. Rxg7 1-0

[Event "*** SCC Grand Prix: Titled Tuesday Blitz"]
[Site "Chess.com"]
[Date "2020.07.07"]
[Round "1"]
[White "Orest_Vovk"]
[Black "mr65"]
[Result "1-0"]
[WhiteElo "2501"]
[BlackElo "2079"]
[TimeControl "180+1"]
[EndTime "10:06:09 PDT"]
[Termination "Orest_Vovk won by resignation"]

1. h4 d5 2. h5 e5 3. h6 Nxh6 4. d4 e4 5. Bxh6 gxh6 6. e3 c5 7. Nc3 Nc6 8. dxc5 Be6 9. Rh5 Qd7 10. Nxd5 O-O-O 11. Nc3 Qxd1+ 12. Rxd1 Rxd1+ 13. Nxd1 Bg7 14. c3 Rd8 15. Ne2 Bxa2 16. Nd4 a5 17. Bb5 Kc7 18. Rh4 Bd5 19. Rf4 Ne5 20. Kd2 Nd3 21. Bxd3 exd3 22.
Kxd3 Bxg2 23. Rg4 Bf3 24. Rxg7 Bxd1 25. Rxf7+ Kb8 26. Rxh7 h5 27. Kc4 Bg4 28. c6 b6 29.
c7+ 1-0

[Event "*** SCC Grand Prix: Titled Tuesday Blitz"]
[Site "Chess.com"]
[Date "2020.07.07"]
[Round "1"]
[White "CyberdelChess"]
[Black "olksuna"]
[Result "0-1"]
[WhiteElo "2261"]
[BlackElo "2597"]
[TimeControl "180+1"]
[EndTime "10:06:10 PDT"]
[Termination "olksuna won on time"]

1. e4 c5 2. Nf3 Nc6 3. d4 cxd4 4. Nxd4 g6 5. Be3 Nf6 6. Nc3 Bg7 7. Bc4 O-O 8. Bb3 Qa5 9. O-O d6 10. h3 Bd7 11. f4 Rac8 12. Qf3 Nxd4 13. Bxd4 Bc6 14. Rad1 Nd7 15. Qf2 Bxd4 16. Qxd4 Qc5 17. Qxc5 Nxc5 18.
e5 dxe5 19. fxe5 e6 20. Rd6 Rfd8 21. Rfd1 Rxd6 22. Rxd6 Nd7 23. Ba4 Nxe5 24. Bxc6 Rxc6 25. Rd8+ Kg7 26. Rb8 Rc7 27. Kf2 Nc6 0-1

[Event "*** SCC Grand Prix: Titled Tuesday Blitz"]
[Site "Chess.com"]
[Date "2020.07.07"]
[Round "1"]
[White "Oleksandr_Bortnyk"]
[Black "r31415"]
[Result "1-0"]
[WhiteElo "2924"]
[BlackElo "2450"]
[TimeControl "180+1"]
[EndTime "10:06:13 PDT"]
[Termination "Oleksandr_Bortnyk won by resignation"]

1. e4 d6 2. d4 Nf6 3. Nc3 g6 4. Bg5 c6 5. Nf3 b5 6. a3 Bg7 7.
h3 O-O 8. Qd2 Nbd7 9. Be2 Qc7 10. O-O Bb7 11. Rad1 Rad8 12. Bh6 a6 13. Qg5 c5 14. Bxg7 Kxg7 15. e5 dxe5 16. dxe5 Ne4 17. Nxe4 Bxe4 18. Qxe7 Bxc2 19. e6 Bxd1 20. Rxd1 Rde8 21.
Qxd7 Qf4 22. e7 Rg8 23. Rd5 Qc1+ 24. Bd1 Qxb2 25. Rxc5 Qxa3 26. Re5 f6 27. Re3 Qc1 28. Kh2 Kh8 29. Bb3 1-0

[Event "*** SCC Grand Prix: Titled Tuesday Blitz"]
[Site "Chess.com"]
[Date "2020.07.07"]
[Round "1"]
[White "Lucas_Tomiello"]
[Black "Durarbayli"]
[Result "0-1"]
[WhiteElo "2420"]
[BlackElo "2808"]
[TimeControl "180+1"]
[EndTime "10:06:13 PDT"]
[Termination "Durarbayli won by resignation"]

1. e4 c5 2. Nf3 d6 3. d4 cxd4 4. Nxd4 Nf6 5. Nc3 Nc6 6. Bg5 Qb6 7. Nb3 e6 8. Bxf6 gxf6 9. Qh5 a6 10. Bd3 Bd7 11. O-O Ne5 12. Kh1 Rg8 13. h3 Rg6 14. f4 Ng4 15. f5 Rg5 16. Qxh7 Nf2+ 17. Kh2 d5 18. e5 Qe3 19. Qh4 Qxe5+ 20. Kg1 Nxd3 21. cxd3 Bd6 0-1

[Event "*** SCC Grand Prix: Titled Tuesday Blitz"]
[Site "Chess.com"]
[Date "2020.07.07"]
[Round "1"]
[White "LuckIsMySkill"]
[Black "kakakz"]
[Result "1-0"]
[WhiteElo "2710"]
[BlackElo "2380"]
[TimeControl "180+1"]
[EndTime "10:06:13 PDT"]
[Termination "LuckIsMySkill won by resignation"]

1. Nf3 Nf6 2. c4 g6 3. g3 c5 4. Bg2 Bg7 5. O-O Nc6 6. Nc3 e5 7. d3 d6 8. a3 Be6 9. b4 O-O 10. Rb1 b6 11. Bg5 Rc8 12. Nd2 h6 13. Bxf6 Bxf6 14.
e3 Bg7 15. Qa4 Bd7 16. b5 Na5 17. Nb3 Nxb3 18. Qxb3 h5 19. a4 h4 20. a5 hxg3 21. hxg3 Kh7 22. axb6 axb6 23. Ra1 Rh8 24. Ra7 Kg8 25.
Bd5 Rc7 26. Ra8 Rc8 27. Rfa1 Be8 28. Qd1 Bf8 29. Qg4 Rxa8 30. Rxa8 Qe7 31. Qxg6+ Bg7 32. Bxf7+ Qxf7 33. Rxe8+ 1-0

[Event "*** SCC Grand Prix: Titled Tuesday Blitz"]
[Site "Chess.com"]
[Date "2020.07.07"]
[Round "1"]
[White "OtherGabe"]
[Black "ChessLover0108"]
[Result "0-1"]
[WhiteElo "2374"]
[BlackElo "2705"]
[TimeControl "180+1"]
[EndTime "10:06:14 PDT"]
[Termination "ChessLover0108 won by resignation"]

1. e4 d5 2. exd5 Qxd5 3. Nc3 Qd8 4. Nf3 c6 5. d4 Bg4 6. Bc4 e6 7. Be3 Nf6 8. h3 Bxf3 9. Qxf3 Nbd7 10. g4 Be7 11. h4 Nd5 12. Nxd5 cxd5 13. Bd3 Bxh4 14.
O-O-O h6 15. Qh3 Be7 16. f4 Qa5 17. Kb1 O-O-O 18. f5 e5 19. dxe5 Nxe5 20. Bd4 Bf6 21. Be2 Rhe8 22. Rhe1 Kb8 23. Qb3 Nc6 24. Bxf6 gxf6 25.
c3 d4 26. cxd4 Nxd4 27. Qg3+ Qe5 28. Qxe5+ fxe5 29. Bc4 f6 30. Rh1 Nf3 31. Bd5 e4 32. Rxh6 Re5 33. Bb3 Nd2+ 34. Kc1 e3 35. Rxf6 Nxb3+ 0-1

[Event "*** SCC Grand Prix: Titled Tuesday Blitz"]
[Site "Chess.com"]
[Date "2020.07.07"]
[Round "1"]
[White "goofypenguin96"]
[Black "VladimirBelous"]
[Result "0-1"]
[WhiteElo "2391"]
[BlackElo "2719"]
[TimeControl "180+1"]
[EndTime "10:06:15 PDT"]
[Termination "VladimirBelous won by resignation"]

1. e4 c5 2. Nf3 Nc6 3. c3 Nf6 4.
e5 Nd5 5. d4 cxd4 6. cxd4 d6 7.
exd6 Bg4 8. Be2 e6 9. Nc3 Nxc3 10. bxc3 Bxd6 11. O-O O-O 12. h3 Bh5 13. Re1 Rc8 14.
Rb1 Na5 15. Bd2 b6 16. Ne5 Bxe2 17. Qxe2 Bxe5 18. Qxe5 Nc4 19. Qe2 Qd5 20. Bf4 h6 21. Rbc1 Rfd8 22. Qg4 Kh7 23. Qg3 Rd7 24. a4 Qf5 25.
Be5 f6 26. Bf4 Nb2 27. Qe3 Nd3 28. g4 Qg6 29. Qxe6 Rdd8 30. Bg3 Re8 31. Qd7 Nxe1 0-1

[Event "*** SCC Grand Prix: Titled Tuesday Blitz"]
[Site "Chess.com"]
[Date "2020.07.07"]
[Round "1"]
[White "Mykola-Bortnyk"]
[Black "wadsy27"]
[Result "1-0"]
[WhiteElo "2838"]
[BlackElo "2432"]
[TimeControl "180+1"]
[EndTime "10:06:16 PDT"]
[Termination "Mykola-Bortnyk won by checkmate"]

1. e4 c5 2. c3 e6 3. d4 d5 4.
exd5 exd5 5. Be3 cxd4 6. Bxd4 Nc6 7. Nf3 Nxd4 8. Qxd4 Nf6 9. Bb5+ Bd7 10. Bxd7+ Qxd7 11. O-O Be7 12. Ne5 Qd6 13. Qa4+ Nd7 14. Re1 f6 15. Nxd7 Qxd7 16. Qb4 Kf7 17. Qh4 f5 18. Qh3 Bf6 19. Nd2 d4 20. Rad1 d3 21. Ne4 Rad8 22.
Nc5 Qd5 23. Nxd3 Rhe8 24. Qh5+ g6 25. Qxh7+ Bg7 26. Rxe8 Rxe8 27. Qxg6+ Kf8 28. h4 Re4 29. f3 Rxh4 30. Nf2 Qa5 31. Rd7 Qe5 32. Qf7# 1-0

[Event "*** SCC Grand Prix: Titled Tuesday Blitz"]
[Site "Chess.com"]
[Date "2020.07.07"]
[Round "1"]
[White "amiralfio"]
[Black "Micki-taryan"]
[Result "0-1"]
[WhiteElo "2462"]
[BlackElo "3047"]
[TimeControl "180+1"]
[EndTime "10:06:17 PDT"]
[Termination "Micki-taryan won by resignation"]

1. d4 Nf6 2. Bf4 e6 3. e3 b6 4. Qf3 Nc6 5. Nc3 Bb7 6. g4 Bb4 7. Bg2 Nd5 8. Ne2 Nxf4 9. Qxf4 O-O 10. O-O-O Bd6 11. Qf3 b5 12. e4 b4 13. Nb1 Be7 14. Nd2 a5 15. h4 Ba6 16. Nb3 a4 17.
Nc5 Bxe2 18. Qxe2 Nxd4 19. Rxd4 Bxc5 20. Rd3 a3 21. b3 e5 22. g5 Bd4 23. f4 c5 24. f5 Rc8 25. f6 c4 26. fxg7 Re8 27.
bxc4 Rxc4 28. Rf1 Qc7 29. Rdf3 Rc8 30. Rxf7 Rxc2+ 31. Kb1 Rc1+ 0-1

[Event "*** SCC Grand Prix: Titled Tuesday Blitz"]
[Site "Chess.com"]
[Date "2020.07.07"]
[Round "1"]
[White "EvgenyRomanov"]
[Black "ahachess"]
[Result "1-0"]
[WhiteElo "2617"]
[BlackElo "2289"]
[TimeControl "180+1"]
[EndTime "10:06:17 PDT"]
[Termination "EvgenyRomanov won by resignation"]

1. e4 c5 2. Nf3 d6 3. Bb5+ Bd7 4. a4 Nf6 5. Qe2 Nc6 6. O-O g6 7. c3 Bg7 8. d4 cxd4 9. cxd4 O-O 10. h3 a6 11. Bxc6 bxc6 12. a5 Qc7 13. Nc3 Rfb8 14. Bf4 Rb4 15. Rfc1 Qb7 16. Na4 Be6 17. Nb6 Rb8 18.
e5 Nd5 19. Nxd5 cxd5 20. exd6 exd6 21. Bxd6 Rxb2 22. Qe3 Rc8 23. Qf4 Rxc1+ 24. Rxc1 Rb1 25. Kh2 Rxc1 26. Qxc1 Bf5 27. Be5 Be4 28. Nd2 Bxe5+ 29. dxe5 Qb8 30. f4 g5 31. Nxe4 dxe4 32. Qe3 f5 33. Qb6 gxf4 34. Qxb8+ 1-0

[Event "*** SCC Grand Prix: Titled Tuesday Blitz"]
[Site "Chess.com"]
[Date "2020.07.07"]
[Round "1"]
[White "AlanTate"]
[Black "Benjoneliere44"]
[Result "0-1"]
[WhiteElo "2161"]
[BlackElo "2529"]
[TimeControl "180+1"]
[EndTime "10:06:17 PDT"]
[Termination "Benjoneliere44 won on time"]

1. d4 d6 2. e4 g6 3. Nc3 a6 4.
Be3 b5 5. Qd2 Bb7 6. f3 Nd7 7.
O-O-O Nb6 8. a3 e6 9. h4 h6 10. g4 Bg7 11. Kb1 Nf6 12. Nh3 Nfd7 13. Nf2 Qe7 14. f4 h5 15. g5 d5 16. f5 Bf8 17.
fxg6 fxg6 18. exd5 Nxd5 19. Nxd5 Bxd5 20. Bd3 Rg8 21.
Ne4 Bg7 22. Rhf1 O-O-O 23. a4 c6 24. Qa5 Nb8 25. Bf4 e5 0-1

[Event "*** SCC Grand Prix: Titled Tuesday Blitz"]
[Site "Chess.com"]
[Date "2020.07.07"]
[Round "1"]
[White "ChessQueen"]
[Black "Xeniya2005"]
[Result "1-0"]
[WhiteElo "2682"]
[BlackElo "2364"]
[TimeControl "180+1"]
[EndTime "10:06:19 PDT"]
[Termination "ChessQueen won by resignation"]

1. e4 e6 2. d4 d5 3. Nc3 Bb4 4. a3 Bxc3+ 5. bxc3 Ne7 6. Bd3 c5 7. Qg4 O-O 8. e5 Ng6 9. h4 c4 10. Bxg6 fxg6 11. h5 Qe8 12. Nf3 Qf7 13. hxg6 Qxg6 14. Qxg6 hxg6 15. a4 Nc6 16. Ba3 Rf5 17. Ke2 Kf7 18.
Rh8 g5 19. g4 Rf4 20. Nxg5+ Kg6 21. Nh3 Rf7 22. Ke3 b6 23. Nf4+ Rxf4 24. Kxf4 Bb7 25.
Rah1 a6 26. Rxa8 Bxa8 27. Rh8 Bb7 28. Bd6 b5 29. axb5 axb5 30. Ke3 Kf7 31. f4 g6 32. Rh7+ 1-0

[Event "*** SCC Grand Prix: Titled Tuesday Blitz"]
[Site "Chess.com"]
[Date "2020.07.07"]
[Round "1"]
[White "Zmof"]
[Black "Undisputed92"]
[Result "0-1"]
[WhiteElo "2211"]
[BlackElo "2565"]
[TimeControl "180+1"]
[EndTime "10:06:19 PDT"]
[Termination "Undisputed92 won by resignation"]

1. e4 c5 2. Nf3 d6 3. Bb5+ Nd7 4. Ba4 Nf6 5. Qe2 Qa5 6. Bb3 e6 7. O-O Be7 8. c3 O-O 9. d4 e5 10. dxe5 Nxe5 11. Nxe5 dxe5 12. Nd2 b5 13. a4 c4 14.
Bc2 a6 15. Rd1 Bg4 16. f3 Be6 17. Nf1 Qb6+ 18. Be3 Bc5 19. Bxc5 Qxc5+ 20. Qe3 Nd7 21.
Qxc5 Nxc5 22. Ne3 g6 23. Kf2 Rfb8 24. Nd5 bxa4 25. Nc7 Rxb2 26. Nxa8 Rxc2+ 27. Kg3 Rxc3 28. Nc7 a3 29. Nxe6 Nxe6 30. Rd5 Nd4 31. Ra5 Nc2 32. Ra2 h5 33. h4 f5 34. exf5 gxf5 35. Rxe5 Nb4 36. Ra1 a2 37. Rxf5 Rb3 38. Ra5 Rb2 39.
Ra4 c3 40. Rxb4 Rxb4 41. Rxa2 Rc4 42. Rc2 a5 43. Kf2 a4 44. Ke1 a3 45. Kd1 Rxh4 46.
Rxc3 Ra4 47. Rc1 a2 48. Ra1 Kf7 49. Kc2 h4 50. Kb2 Kf6 51. Rxa2 Rxa2+ 52. Kxa2 Kf5 53. Kb3 Kf4 54. Kc4 Kg3 55. Kd4 Kxg2 56. f4 h3 57. f5 h2 58. f6 h1=Q 59. f7 Qh8+ 60. Kd5 Qf8 61. Ke6 Kf3 62. Kf6 Kf4 63. Kg6 Ke5 0-1

[Event "*** SCC Grand Prix: Titled Tuesday Blitz"]
[Site "Chess.com"]
[Date "2020.07.07"]
[Round "1"]
[White "MoreChessJulia"]
[Black "PlotnikovPavel"]
[Result "0-1"]
[WhiteElo "1813"]
[BlackElo "2473"]
[TimeControl "180+1"]
[EndTime "10:06:19 PDT"]
[Termination "PlotnikovPavel won by resignation"]

1. d4 e6 2. c4 f5 3. Nf3 Nf6 4. g3 Bb4+ 5. Nbd2 O-O 6. Bg2 b6 7. O-O Bb7 8. a3 Bxd2 9. Qxd2 Ne4 10. Qc2 Nc6 11. d5 Ne7 12. dxe6 dxe6 13. Bf4 Qc8 14. Rad1 Ng6 15. Ne5 Nxf4 16. gxf4 Rd8 17. b4 c5 18. Rxd8+ Qxd8 19. Rd1 Qh4 20. e3 Rd8 21. Rxd8+ Qxd8 22. Qd3 Qe7 23. Qd7 Kf8 24. Qxe7+ Kxe7 25. Bxe4 Bxe4 26. b5 h6 27. f3 Bb7 28. Kf2 Kf6 29. h4 g5 30. hxg5+ hxg5 31. Nc6 gxf4 32. exf4 Bxc6 33. bxc6 Ke7 34. Kg3 Kd6 35. Kh4 Kxc6 36. Kg5 b5 37.
cxb5+ Kxb5 38. Kf6 c4 39. Kxe6 c3 40. Kxf5 c2 41.
Ke6 c1=Q 42. f5 Qxa3 43. f6 Qf8 44. f7 a5 0-1

[Event "*** SCC Grand Prix: Titled Tuesday Blitz"]
[Site "Chess.com"]
[Date "2020.07.07"]
[Round "1"]
[White "mattcolins2025"]
[Black "Volodar_Murzin"]
[Result "1-0"]
[WhiteElo "2380"]
[BlackElo "2664"]
[TimeControl "180+1"]
[EndTime "10:06:20 PDT"]
[Termination "mattcolins2025 won by resignation"]

1. d4 Nf6 2. c4 g6 3. Nc3 Bg7 4. e4 O-O 5. Nf3 d6 6. Be2 e5 7. d5 a5 8. Bg5 h6 9. Bh4 Na6 10. Nd2 Qe8 11. O-O Nh7 12. b3 f5 13. f3 g5 14. Bf2 f4 15. a3 Bd7 16. Rb1 b6 17.
b4 h5 18. c5 axb4 19. axb4 bxc5 20. bxc5 dxc5 21. Nc4 Rf6 22. d6 cxd6 23. Nd5 Bf8 24. Ncb6 Ra7 25. Bc4 Rf7 26. Nxd7 Qxd7 27. Nb6 Qe8 28.
Ra1 Qc6 29. Bxf7+ Kxf7 30. Qd5+ Qxd5 31. Nxd5 Nf6 32. Ra5 Nxd5 33. exd5 Kf6 34. Rfa1 Be7 35. Rxa6 Rb7 36. Bxc5 Kf5 37. Bxd6 Bf6 38. Bc5 e4 39. fxe4+ Kxe4 40. Rxf6 Kxd5 41. Bf2 Ke4 42. Re1+ 1-0

[Event "*** SCC Grand Prix: Titled Tuesday Blitz"]
[Site "Chess.com"]
[Date "2020.07.07"]
[Round "1"]
[White "SahajGrover"]
[Black "chessfrendz"]
[Result "1-0"]
[WhiteElo "2660"]
[BlackElo "2336"]
[TimeControl "180+1"]
[EndTime "10:06:20 PDT"]
[Termination "SahajGrover won by resignation"]

1. e4 c5 2. Nf3 d6 3. d4 cxd4 4. Nxd4 Nf6 5. Nc3 a6 6. Bc4 e6 7. Bb3 Nbd7 8. Bg5 Nc5 9. f4 Be7 10. Qf3 Qc7 11. O-O O-O 12. Rae1 Nxb3 13. Nxb3 h6 14. Bh4 Nh7 15. Bxe7 Qxe7 16. Rd1 Rd8 17. a4 Nf6 18. Rd2 e5 19. fxe5 Qxe5 20. Nd5 Be6 21.
Nxf6+ Qxf6 22. Qxf6 gxf6 23. Rxf6 Kg7 24. Rdf2 Bxb3 25.
cxb3 Rd7 26. R6f5 Re8 27. R2f4 Re6 28. Kf2 Rde7 29. Ke3 Re5 30. Kd4 Rxf5 31. Rxf5 Rc7 32. Rf2 Rc5 33. b4 Re5 34. Rf5 Re6 35. b5 Rg6 36. g3 Rg4 37. bxa6 bxa6 38. Ra5 f6 39. b4 Kg6 40. Rxa6 f5 41. Rxd6+ Kg5 42.
Re6 Rxe4+ 43. Rxe4 fxe4 44. Kxe4 1-0

[Event "*** SCC Grand Prix: Titled Tuesday Blitz"]
[Site "Chess.com"]
[Date "2020.07.07"]
[Round "1"]
[White "WPWPWP-2015"]
[Black "DrVelja"]
[Result "0-1"]
[WhiteElo "2418"]
[BlackElo "2803"]
[TimeControl "180+1"]
[EndTime "10:06:24 PDT"]
[Termination "DrVelja won by resignation"]

1. e4 c5 2. Nf3 g6 3. c3 Bg7 4. d4 d5 5. e5 Nc6 6. h3 f6 7. exf6 Nxf6 8. Be2 O-O 9. O-O Ne4 10. Be3 e5 11. dxe5 Nxe5 12. Nbd2 Nxd2 13. Qxd2 Nxf3+ 14. Bxf3 d4 15. cxd4 cxd4 16. Rad1 Rxf3 17. gxf3 Bxh3 18. Rfe1 Qd5 19. Bxd4 Qxf3 20. Qg5 Rf8 21. Qg3 Qxg3+ 22. fxg3 Bg4 23. Bxg7 Kxg7 24. Rd4 h5 25. Re7+ Rf7 26. Rxf7+ Kxf7 27. Rf4+ Ke7 28. Kf2 Be6 29. a3 Bf5 30. Ke3 Kd6 31. Rb4 b6 32. Kf4 Kc5 33. Kg5 a5 34. Kf6 axb4 0-1

[Event "*** SCC Grand Prix: Titled Tuesday Blitz"]
[Site "Chess.com"]
[Date "2020.07.07"]
[Round "1"]
[White "Mikhal867"]
[Black "JonahWillow"]
[Result "0-1"]
[WhiteElo "2370"]
[BlackElo "2688"]
[TimeControl "180+1"]
[EndTime "10:06:25 PDT"]
[Termination "JonahWillow won on time"]

1. e4 c5 2. Nf3 Nc6 3. d4 cxd4 4. Nxd4 g6 5. Nxc6 bxc6 6. Qd4 Nf6 7. e5 Nd5 8. c4 Nc7 9. e6 f6 10. exd7+ Qxd7 11. Qxd7+ Bxd7 12. Nc3 e5 13. Be3 Ne6 14. O-O-O Bb4 15. Ne4 Ke7 16. a3 Ba5 17. b4 Bc7 18.
Nc5 Rhd8 19. g3 Nxc5 20. Bxc5+ Kf7 21. Bg2 Be8 22. Rxd8 Bxd8 23. Rd1 a5 24. b5 Rc8 25. b6 Rb8 26. b7 Be7 27. Bxe7 Kxe7 28. c5 Rxb7 29. Rd6 Rb5 30. Rd2 Rxc5+ 31. Kb2 Rb5+ 32. Kc3 a4 0-1

[Event "*** SCC Grand Prix: Titled Tuesday Blitz"]
[Site "Chess.com"]
[Date "2020.07.07"]
[Round "1"]
[White "Evgeny_Ermakov1965"]
[Black "imdarealist"]
[Result "1-0"]
[WhiteElo "2652"]
[BlackElo "2325"]
[TimeControl "180+1"]
[EndTime "10:06:25 PDT"]
[Termination "Evgeny_Ermakov1965 won by resignation"]

1. d4 d5 2. Bf4 e6 3. c4 Bd6 4. Bg3 Nf6 5. Nc3 O-O 6. e3 b6 7. cxd5 exd5 8. Nf3 Bb7 9. Bd3 Re8 10. Ne5 Nbd7 11. f4 Ne4 12. Bxe4 dxe4 13. O-O Nxe5 14.
fxe5 Be7 15. Qb3 Rf8 16. d5 Bg5 17. Bf4 Bxf4 18. Rxf4 c6 19. dxc6 Bxc6 20. e6 Qe7 21.
Rxf7 Rxf7 22. exf7+ Qxf7 23. Qxf7+ Kxf7 24. Rd1 Ke7 25. h4 Rd8 26. Rxd8 Kxd8 27. Kf2 b5 28. a3 a5 29. b4 axb4 30. axb4 Ke7 31. Kg3 Kf6 32.
Kf4 h6 33. Nxe4+ Ke6 34. g4 Kd5 35. Nc5 Kc4 36. Ne6 g6 37. Nd4 Be8 38. Ke5 Kxb4 39. Kd6 Kc3 40. Ke7 b4 41. Kxe8 b3 42. Nxb3 Kxb3 43.
Kf7 h5 44. g5 Kc4 45. Kxg6 Kd3 46. Kxh5 Kxe3 47. g6 1-0

[Event "*** SCC Grand Prix: Titled Tuesday Blitz"]
[Site "Chess.com"]
[Date "2020.07.07"]
[Round "1"]
[White "Harry_Rakkel"]
[Black "kidagent"]
[Result "1-0"]
[WhiteElo "2573"]
[BlackElo "2232"]
[TimeControl "180+1"]
[EndTime "10:06:25 PDT"]
[Termination "Harry_Rakkel won by resignation"]

1. e4 c5 2. Nf3 d6 3. d4 cxd4 4. Nxd4 Nf6 5. Nc3 a6 6. Be3 e5 7. Nb3 Be7 8. f3 Be6 9. Qd2 O-O 10. O-O-O b5 11. Nd5 Nxd5 12. exd5 Bf5 13. g4 Bg6 14. h4 h5 15. Bd3 Bxd3 16. Qxd3 hxg4 17. fxg4 Nd7 18.
Nd2 Rc8 19. Ne4 Qc7 20. Ng5 Nf6 21. Kb1 Qc4 22. Qd2 Nxg4 23. Bg1 Qf4 24. Qg2 Rc4 25. Rf1 Ne3 26. Bxe3 Qxe3 27. Rh3 Qc5 28. Rg3 g6 29. Nxf7 Rxf7 30. Rxg6+ 1-0

[Event "*** SCC Grand Prix: Titled Tuesday Blitz"]
[Site "Chess.com"]
[Date "2020.07.07"]
[Round "1"]
[White "grandcoach"]
[Black "karinachess1"]
[Result "0-1"]
[WhiteElo "2100"]
[BlackElo "2509"]
[TimeControl "180+1"]
[EndTime "10:06:25 PDT"]
[Termination "karinachess1 won on time"]

1. e4 c5 2. b4 cxb4 3. a3 d5 4. exd5 Qxd5 5. Bb2 Nc6 6. Nf3 Bg4 7. axb4 Nxb4 8.
Nc3 Qe6+ 9. Be2 Bxf3 10. gxf3 Nf6 11. Nb5 Qd7 12. Be5 Rc8 13. Rxa7 Nc6 14. f4 e6 15.
Qa1 Bc5 16. Rg1 Ne4 17. d4 Bxa7 18. Nxa7 Ra8 19. Bb5 f6 0-1

[Event "*** SCC Grand Prix: Titled Tuesday Blitz"]
[Site "Chess.com"]
[Date "2020.07.07"]
[Round "1"]
[White "Atanejhad"]
[Black "ExceptionallyDubious"]
[Result "1-0"]
[WhiteElo "2392"]
[BlackElo "2686"]
[TimeControl "180+1"]
[EndTime "10:06:27 PDT"]
[Termination "Atanejhad won by checkmate"]

1. e4 c5 2. Nf3 d6 3. d4 cxd4 4. Nxd4 Nf6 5. Nc3 a6 6. Be3 e6 7. Qd2 b5 8. a3 Bb7 9. f3 Nbd7 10.
g4 Nb6 11. g5 Nfd7 12. O-O-O Ne5 13. Kb1 Nec4 14. Bxc4 Nxc4 15. Qf2 Rc8 16. Rd3 Be7 17. h4 Qa5 18. Nb3 Qc7 19. h5 d5 20. exd5 b4 21.
axb4 Bxb4 22. g6 hxg6 23. dxe6 gxh5 24. Rd7 Qe5 25. Bd4 Qxe6 26. Rxb7 Bxc3 27. Bxc3 O-O 28.
Rxh5 Na3+ 29. bxa3 Rxc3 30. Qh2 Rxb3+ 31. Rxb3 f6 32.
Rh8+ Kf7 33. Rb7+ Kg6 34. Qh5# 1-0

[Event "*** SCC Grand Prix: Titled Tuesday Blitz"]
[Site "Chess.com"]
[Date "2020.07.07"]
[Round "1"]
[White "Paladin61"]
[Black "alfiefischer77"]
[Result "1-0"]
[WhiteElo "2637"]
[BlackElo "2312"]
[TimeControl "180+1"]
[EndTime "10:06:27 PDT"]
[Termination "Paladin61 won on time"]

1. b3 e5 2. Bb2 Nc6 3. e3 Nf6 4. Bb5 Bd6 5. Na3 a6 6. Be2 Be7 7. Nc4 d6 8. d4 exd4 9. exd4 d5 10. Ne3 O-O 11. Nf3 Re8 12. O-O Ne4 13. c4 dxc4 14. bxc4 Bf6 15. Qd3 Nb4 16. Qb3 a5 17. a3 Nc6 18. Rad1 b6 19. Rfe1 a4 20. Qc2 Bb7 21. Bf1 Qd7 22. Nd5 Ng5 23. Nxf6+ gxf6 24. Nxg5 fxg5 25. d5 Rxe1 26. Rxe1 Nd8 27. Qc3 1-0

[Event "*** SCC Grand Prix: Titled Tuesday Blitz"]
[Site "Chess.com"]
[Date "2020.07.07"]
[Round "1"]
[White "ChessArchitect64"]
[Black "Agent-JL"]
[Result "0-1"]
[WhiteElo "1876"]
[BlackElo "2474"]
[TimeControl "180+1"]
[EndTime "10:06:27 PDT"]
[Termination "Agent-JL won on time"]

1. d4 Nf6 2. Nf3 e6 3. Bg5 d5 4. e3 Be7 5. Bd3 Nbd7 6. O-O c5 7.
c3 Qc7 8. Nbd2 h6 9. Bh4 b6 10. e4 dxe4 11. Nxe4 cxd4 12. cxd4 Nxe4 13. Bxe4 Bb7 14.
Bxe7 Kxe7 15. d5 Nc5 16. Bc2 Bxd5 17. b4 Nd7 18. Rc1 Qd6 19. a3 Rhd8 20. Qe2 Kf8 21.
Rfd1 Nf6 22. Nd4 a6 23. Ra1 Qf4 24. g3 Qg5 25. b5 axb5 26. Nxb5 Rac8 27. Na7 Rc3 28. a4 h5 29. Nb5 Rxc2 30. Qxc2 h4 0-1